 Dungeon Crawl Stone Soup version 0.25-a0-942-g87a53962fc (webtiles) character file.

Game seed: 17744691890424314051, levelgen mode: deterministic

111 kae the Chiller (level 4, -4/30 HPs)
             Began as a Merfolk Ice Elementalist on May 6, 2020.
             Slain by an orc
             ... wielding a +2 hand axe of flaming
              (9 damage)
             ... on level 3 of the Dungeon.
             The game lasted 00:02:28 (2742 turns).

kae the Chiller (Merfolk Ice Elementalist)          Turns: 2742, Time: 00:02:28

Health: -4/30      AC:  2    Str:  9    XL:     4   Next: 92%
Magic:  8/8        EV: 13    Int: 14    God:
Gold:   176        SH:  0    Dex: 14    Spells: 8/9 levels left

rFire    . . .     SeeInvis .   d - +0 war axe (venom)
rCold    . . .     Gourm    .   (no shield)
rNeg     . . .     Faith    .   a - +0 robe
rPois    .         Spirit   .   (no helmet)
rElec    .         Reflect  .   (no cloak)
rCorr    .         Harm     .   (no gloves)
MR       .....                  (no boots)
Stlth    ++........             (no amulet)
HPRegen  0.10/turn              (no ring)
MPRegen  0.11/turn              (no ring)

@: no status effects
A: change form in water, swift swim, stealthy swim
a: no special abilities


You were on level 3 of the Dungeon.
You were hungry.

You visited 1 branch of the dungeon, and saw 4 of its levels.

You collected 176 gold pieces.

Inventory:

Hand Weapons
 b - a +0 dagger
 d - a +0 war axe of venom (weapon)
 g - a +0 hand axe
 l - a +0 spear
Armour
 a - a +0 robe (worn)
Jewellery
 o - an uncursed ring of positive energy {unknown}
 r - a +6 ring of dexterity {unknown}
 s - an uncursed ring of magical power {unknown}
Wands
 n - a wand of acid (9)
Scrolls
 e - a scroll of teleportation {unknown}
 f - 4 scrolls of identify {unknown}
 h - 2 scrolls of remove curse {unknown}
 k - a scroll of fog {unknown}
 q - a scroll of blinking {unknown}
Potions
 i - a potion of curing {unknown}
 j - 2 potions of lignification {unknown}
 m - a potion of might
 p - a potion of flight {unknown}
Comestibles
 c - 6 rations
 t - a chunk of flesh


   Skills:
 - Level 2.6 Dodging
 - Level 2.1 Stealth
 + Level 3.0 Spellcasting
 * Level 6.0 Ice Magic


You had 8 spell levels left.
You knew the following spells:

 Your Spells              Type           Power        Failure   Level  Hunger
a - Freeze                Ice            ###.         1%          1    #......

Your spell library contained the following spells:

 Spells                   Type           Power        Failure   Level  Hunger
 Frozen Ramparts          Ice            ###...       5%          3    ###....
 Ensorcelled Hibernation  Hex/Ice        ##....       10%         2    ##.....
 Ozocubu's Armour         Chrm/Ice       ##......     19%         3    ###....
 Corona                   Hex            #......      22%         1    #......
 Hailstorm                Conj/Ice       ##......     52%         4    #####..
 Summon Ice Beast         Ice/Summ       ##......     52%         4    #####..
 Confusing Touch          Hex            #.......     54%         3    ###....
 Dazzling Flash           Conj/Hex       #.....       54%         3    ###....
 Tukima's Dance           Hex            #.......     54%         3    ###....


Dungeon Overview and Level Annotations

Branches:
Dungeon (4/15)
 Temple: D:4-7

Altars:

Annotations:
D:3 exclusion: ogre


Message History

You are feeling hungry.
The orc wizard casts a spell at you. The magic dart hits you!
The orc hits you with a +0 flail.
The orc hits you with a +2 hand axe of flaming.
The orc burns you.
You kill the orc!
The orc hits you but does no damage.
You climb upwards.
Level annotation: exclusion: ogre
There is a stone staircase leading down here.
Unknown command.
You closely miss the orc. The orc misses you.
You hit the orc.
The orc is poisoned.
The orc is lightly wounded.
The orc hits you with a +2 hand axe of flaming!
* * * LOW HITPOINT WARNING * * *
The orc burns you.
* * * LOW HITPOINT WARNING * * *
The orc hits you with a +2 hand axe of flaming!
You die...

##..................#
##.......#####.<#....#
#.........# ##.....)..
#.........###.........
#.........##...##...#.
#............####...##
#.........#### #...#
##........# #####
#....@o...#
#.........#
#.........#
#.......<.#
#.........#
##.......## ##.....##
#######


You could see an orc.

Vanquished Creatures
  5 adders
  A dart slug (D:1)
  2 leopard geckos
  3 orcs
  4 ball pythons
  6 bats
  2 giant cockroaches
  5 goblins
  5 hobgoblins
  5 jackals (D:2)
  8 kobolds
  A quokka (D:3)
  4 frilled lizards
  8 rats
59 creatures vanquished.

Notes
Turn   | Place    | Note
-------+----------+-------------------------------------------
     0 | D:1      | kae the Merfolk Ice Elementalist began the quest for the
                  | Orb.
     0 | D:1      | Reached XP level 1. HP: 13/13 MP: 3/3
   306 | D:1      | Reached XP level 2. HP: 19/19 MP: 1/5
   704 | D:1      | You fall into a shaft and drop 1 floor!
   746 | D:2      | Reached skill level 5 in Ice Magic
   824 | D:2      | Reached XP level 3. HP: 10/24 MP: 4/6
  1679 | D:2      | Reached XP level 4. HP: 30/30 MP: 8/8
  1982 | D:3      | Noticed an ogre
  2600 | D:3      | Reached skill level 6 in Ice Magic
  2742 | D:3      | Slain by an orc

Levels and vault maps discovered:
D:1:      dpeg_arrival_chambers_temple_mockup, layout_loops_corners
D:2:      layout_basic, chequers_serial_rivers_micro_b
D:3:      layout_rooms, kennysheep_nub
D:4:      layout_rooms, uniq_natasha

Skill      XL: |  1  2  3  4 |
---------------+-------------+-----
Ice Magic      | 5 6 |  6.0
Spellcasting   | 3 |  3.0
Dodging        | |  2.6
Stealth        | |  2.1

Action                   |  1- 3 |  4- 6 || total
-------------------------+-------+-------++-------
Melee: Dagger            |     2 |       ||     2
       Hand axe          |     9 |       ||     9
       War axe           |     9 |    75 ||    84
 Cast: Freeze            |    41 |     6 ||    47
  Use: Potion            |     2 |       ||     2
 Stab: Sleeping          |     2 |     5 ||     7
  Eat: Chunk             |     3 |     3 ||     6
Armor: Robe              |     9 |    20 ||    29
Dodge: Dodged            |    51 |    84 ||   135

Table legend:
 A = Non-vault XP
 B = Vault XP
 C = Vault XP percentage of total XP
 D = Non-vault monster count
 E = Vault monster count
 F = Vault count percentage of total count
                 A         B        C        D         E       F
            +---------+---------+-------+---------+---------+-------
      Total |     159 |       0 |   0.0 |      59 |       0 |   0.0
            +---------+---------+-------+---------+---------+-------
        D:1 |      23 |       0 |   0.0 |      13 |       0 |   0.0
        D:2 |      64 |       0 |   0.0 |      25 |       0 |   0.0
        D:3 |      69 |       0 |   0.0 |      20 |       0 |   0.0
        D:4 |       3 |       0 |   0.0 |       1 |       0 |   0.0
            +---------+---------+-------+---------+---------+-------
